 Dungeon Crawl Stone Soup version 0.27-a0-1579-g97d2440184 (webtiles) character file.

Game seed: 4207576384721972435

113 dynsetu the Magician (level 5, -5/37 HPs)
             Began as a Djinni Fire Elementalist on July 17, 2021.
             Shot with an arrow by a centaur (12 damage)
             ... on level 3 of the Dungeon.
             The game lasted 00:06:37 (3084 turns).

dynsetu the Magician (Djinni Fire Elementalist)     Turns: 3084, Time: 00:06:38

Health: -5/37      AC:  4    Str:  7    XL:     5   Next: 17%
Gold:   131        EV: 12    Int: 18    God:
                   SH:  0    Dex: 13

rFire    + + .     SeeInvis .   b - +0 short sword
rCold    x . .     Faith    .   (no shield)
rNeg     . . .     Spirit   .   a - +0 robe
rPois    ∞         Reflect  .   f - +2 hat
rElec    .         Harm     .   (no cloak)
rCorr    .         Rampage  .   (no gloves)
Will     .....                  (boots unavailable)
Stlth    ++........             (no amulet)
HPRegen  0.12/turn              (no ring)
MPRegen  0.00/turn              (no ring)

@: flying
A: sickness immunity, fire resistance 2, cold vulnerability 1, float, innate
caster, hp casting, extra vitality 1
a: no special abilities


You were on level 3 of the Dungeon.
You visited 1 branch of the dungeon, and saw 3 of its levels.

You collected 131 gold pieces.

Inventory:

Hand Weapons
 b - a +0 short sword (weapon)
Armour
 a - a +0 robe (worn)
 f - a +2 hat (worn)
Scrolls
 c - a scroll of noise {unknown}
 d - a scroll of identify {unknown}
Potions
 e - a potion of mutation {unknown}
 g - a potion of might {unknown}


   Skills:
 + Level 1.0 Fighting
 + Level 1.4 Short Blades
 + Level 2.5 Dodging
 + Level 2.2 Stealth
 + Level 3.4 Spellcasting


You couldn't memorise any spells.
You knew the following spells:

 Your Spells              Type           Power      Damage    Failure   Level
a - Foxfire               Conj/Fire      60%        2x1d7     3%          1
b - Conjure Flame         Conj/Fire      15%        6-21      12%         3
c - Inner Flame           Hex/Fire       15%        N/A       12%         3
d - Sticky Flame          Conj/Fire      15%        2d4       36%         4
e - Fireball              Conj/Fire      7%         3d5       71%         5
f - Magic Dart            Conj           60%        1d6       3%          1
g - Blink                 Tloc           N/A        N/A       6%          2
Your spell library was empty.

Dungeon Overview and Level Annotations

Branches:
Dungeon (3/15)

Altars:
Cheibriados


Innate Abilities, Weirdness & Mutations

You are immune to sickness and miasma.
You are immune to poison.
Your flesh is very heat resistant. (rF++)
You are vulnerable to cold. (rC-)
You float through the air rather than walking.
You learn spells naturally, not from books.
Your magical power is your life essence.
You have superior vitality. (+4 HP)


Message History

You barely miss the rat. The rat barely misses you. The rat closely misses you.
Casting: Foxfire (safe; 3% risk of failure)
Confirm with . or Enter, or press ? or * to list all spells.
You conjure some foxfire!
The rat barely misses you.
You hit the rat.
You kill the rat!
The ball python hisses angrily.
Found a scale mail.
The foxfire hits the rat.
You kill the rat!
The foxfire hits the ball python.
You kill the ball python!
You see here a +2 hat.
f - a +2 hat You start putting on your armour.
You continue putting on your +2 hat. x4
You finish putting on your +2 hat.
Found a stone staircase leading down.
g - a golden potion A centaur comes into view.
The centaur shouts!
You hear a shout!
The centaur wields a +0 shortbow.
The centaur shoots an arrow.
The arrow hits you!
Casting: Foxfire (safe; 3% risk of failure)
Confirm with . or Enter, or press ? or * to list all spells.
The fire begins to smoulder!
Casting: Conjure Flame (dangerous; 12% risk of failure)
Confirm with . or Enter, or press ? or * to list all spells.
The fire ignites!
You are engulfed in blazing flames.
You resist.
The centaur unwields a +0 shortbow.
The centaur closely misses you. The centaur kicks you.
The centaur wields a +0 shortbow.
The centaur shoots an arrow.
The arrow hits you.
* * * LOW HITPOINT WARNING * * *
There is a stone staircase leading down here.
The centaur shoots an arrow.
The arrow hits you.
* * * LOW HITPOINT WARNING * * *
The centaur shoots an arrow.
The arrow barely misses you.
The centaur shoots an arrow.
The arrow closely misses you.
The centaur shoots an arrow.
The arrow hits you!
You die...

####..###...#
#.........#..
......#..######
##.####.c.## #
#§#..####
#>##..c.#
#.#####.# #.#
.# #@# .. #.#
##. ..# .c #.##
.. #. ... #. ..
..


You could see a centaur.

Vanquished Creatures
  5 adders (D:2)
  3 worms
  2 dart slugs (D:1)
  4 ball pythons
  4 bats
  7 endoplasms
  3 goblins
  2 hobgoblins (D:2)
  3 jackals (D:2)
  4 kobolds
  5 quokkas
  5 frilled lizards
  7 rats
54 creatures vanquished.

Vanquished Creatures (others)
  97 foxfires
97 creatures vanquished.

Grand Total: 151 creatures vanquished

Notes
Turn   | Place    | Note
-------+----------+-------------------------------------------
     0 | D:1      | dynsetu the Djinni Fire Elementalist began the quest for
                  | the Orb.
     0 | D:1      | Reached XP level 1. HP: 15/15 MP: 0/0
   181 | D:1      | Reached XP level 2. HP: 21/21 MP: 0/0
   595 | D:1      | Reached skill level 3 in Spellcasting
   595 | D:1      | Reached XP level 3. HP: 16/25 MP: 0/0
   595 | D:1      | Learned a level 1 spell: Magic Dart
  1810 | D:2      | Reached XP level 4. HP: 20/31 MP: 0/0
  2265 | D:2      | Reached skill level 1 in Short Blades
  2406 | D:2      | Reached skill level 1 in Fighting
  2443 | D:2      | Reached XP level 5. HP: 35/37 MP: 0/0
  2443 | D:2      | Learned a level 2 spell: Blink
  2993 | D:3      | Found a snail-covered altar of Cheibriados.
  3073 | D:3      | Noticed a centaur
  3084 | D:3      | Shot with an arrow by a centaur

Illustrated notes

Levels and vault maps discovered:
D:1:      dpeg_arrival_brainrot, layout_loops_cross, serial_bayou_pond_d
D:2:      layout_basic
D:3:      minmay_goblin_kobold_castle, layout_rooms, nicolae_ru_path_of_blood,
          mainiacjoe_overflow_big_doors, mainiacjoe_overflow_alcove_2,
          serial_shops, shop, hangedman_abyss_or_decor_stabs

Skill      XL: |  1  2  3  4 |
---------------+-------------+-----
Spellcasting   | 3 |  3.4
Stealth        | 2 |  2.2
Short Blades   | 1 |  1.4
Fighting       | 1 |  1.0
Dodging        | |  2.5

Action                   |  1- 3 |  4- 6 || total
-------------------------+-------+-------++-------
Melee: Unarmed           |     4 |       ||     4
       Short sword       |    38 |    36 ||    74
 Cast: Foxfire           |    46 |    13 ||    59
       Conjure Flame     |       |     2 ||     2
 Stab: Sleeping          |     3 |     5 ||     8
Armor: Robe              |     9 |     5 ||    14
Dodge: Dodged            |    30 |    24 ||    54

Table legend: (Time is in decaauts)
 A = Elapsed time spent in this place.
 B = Non-inter-level travel time spent in this place.
 C = Inter-level travel time spent in this place.
 D = Time resting spent in this place.
 E = Time spent auto-exploring this place.
 F = Levels seen in this place.
 G = Mean time per level.
                   A        B        C        D        E       F      G
               +--------+--------+--------+--------+--------+-----+--------+
         Total |   3088 |   3051 |     37 |      0 |   2695 |   3 | 1029.3 |
       Dungeon |   3088 |   3051 |     37 |      0 |   2695 |   3 | 1029.3 |
               +--------+--------+--------+--------+--------+-----+--------+

Top non-repeatable levels by time:
     D:2: 1724 daAuts
     D:1: 1207 daAuts
     D:3: 156 daAuts
